Zazza, neutral female human Tourist --------- |.......| |<......| |........# ----+----# # # `## # # ### # f## # u Zazza the Sightseer Experience level: 5 Strength: 12 Dexterity: 11 Constitution: 18 Intelligence: 16 Wisdom: 8 Charisma: 12 Health: 0(47) Energy: 19(19) Def: 9 Gold: 97 Moves: 3973 Dungeon seed: W99HxEbpzhYUOaQm Game ID: Zazza_1562951427 Your Inventory: Coins $ - 97 gold pieces Weapons a - 30 blessed +2 darts (in quiver) v - 2 +0 elven daggers (wielded) H - a blessed +1 boomerang R - 3 +0 daggers W - a +0 boomerang Armor e - an uncursed +0 Hawaiian shirt (being worn) r - a cursed -3 pair of levitation boots z - an uncursed +0 pair of elven boots (being worn) F - an uncursed +0 pair of jumping boots J - an uncursed +0 elven mithril-coat (being worn) N - an uncursed +0 cloak of invisibility (being worn) P - an uncursed +0 small shield (being worn) Y - an uncursed +0 orcish helm (being worn) Comestibles b - 3 uncursed food rations c - 2 uncursed tripe rations d - an uncursed clove of garlic Z - an uncursed partly eaten food ration Scrolls m - 4 uncursed scrolls of magic mapping A - 2 uncursed scrolls of identify Potions i - 2 uncursed potions of extra healing B - a blessed potion of extra healing V - an uncursed potion of blindness X - an uncursed potion of water Wands u - a blessed wand of light (0:11) Q - a blessed wand of light (0:12) Tools k - an uncursed credit card l - an expensive camera (0:32) w - an uncursed sack O - an uncursed towel Gems n - an uncursed amethyst stone q - 2 uncursed worthless pieces of red glass y - an uncursed topaz stone Contents of the sack: 511 gold pieces Spells and supernatural/magical abilities: Name Level Category Fail Memory W - pray for help -- divine ? -- Your skills at the end: Fighting Skills Weapon Skills dagger [Basic] dart [Basic] Spellcasting Skills Final Attributes: You were piously aligned. You were invisible. You were stealthy. You are dead. Vanquished creatures: a large mimic a leprechaun 5 Uruk-hai 2 rock piercers a floating eye 4 dwarves a giant bat a dwarf zombie 2 iguanas a gas spore 2 hobbits a giant rat a yellow mold a gnome zombie 3 geckos 5 jackals a fox a kobold 3 goblins 3 sewer rats 6 grid bugs 2 bats 3 lichens 2 kobold zombies 5 newts 58 creatures vanquished. Voluntary challenges: You were an atheist. You used a wielded weapon 89 times, starting on turn 980. You read items or engraved 2 times, starting on turn 2095. You never genocided any monsters. You never polymorphed an object. You never changed form. You used no wishes. You never split a pudding. You never wrote Elbereth's name. You never violated your personal moral code. Dungeon overview: The Dungeons of Doom: levels 1 to 8 Level 1 a long staircase Level 2 a potion shop Level 3 a general store a long staircase Level 4 a general store, a fountain Level 5 a fountain Level 6 a general store, some fountains Level 7 Level 8 <- You were here History has recorded: On T:1 you entered the Dungeons of Doom to retrieve the Amulet of Yendor! On T:389 you reached level 2 of The Dungeons of Doom. On T:740 you advanced to experience level 2. On T:882 you reached level 3 of The Dungeons of Doom. On T:1781 you advanced to experience level 3. On T:1784 you reached level 4 of The Dungeons of Doom. On T:2510 you advanced to experience level 4. On T:2563 you reached level 5 of The Dungeons of Doom. On T:3011 you advanced to experience level 5. On T:3101 you reached level 6 of The Dungeons of Doom. On T:3555 you reached level 7 of The Dungeons of Doom. On T:3817 you reached level 8 of The Dungeons of Doom. Score breakdown: Gold: 163 ( 7534 points) Experience: 5 levels (11141 points) Exploration: 8 levels ( 16.67%) (11577 points) Discoveries: 7 items ( 2.35%) ( 4597 points) Valuables value: (no points given unless you survive) Artifact value: 0 ( 0 points) Variety of kills: 25 monsters ( 6.56%) ( 7684 points) Turncount: 3973 turns (-1014 points) Survival: died (score multiplied by 80%) Total score: 33215 Latest messages: Please move the cursor to an unknown object. Never mind. You miss it. The red naga hatchling bites! You hit it. The red naga hatchling bites! You miss it. The red naga hatchling bites! You hit it. You miss it. The red naga hatchling misses. You hear a strange wind. You miss it. The red naga hatchling bites! You hit it. The red naga hatchling bites! You hit it. The red naga hatchling turns to flee! You stop. Armand is in the way! The black unicorn butts! The black unicorn misses. The black unicorn butts! You die... Final status: Aloha Zazza the Tourist, killed by a black unicorn... You died in The Dungeons of Doom on dungeon level 8 with 33215 points, and 608 pieces of gold, after 3973 moves. You were level 5 with a maximum of 47 hit points when you died.